 Dungeon Crawl Stone Soup version 0.31-a0-845-g9abc20d24f (console) character file.

Game seed: 14440538165989327917

1507 petzl the Sneak (level 9, -7/69 HPs)
             Began as a Formicid Delver on Oct 1, 2023.
             Was an Initiate of Vehumet.
             Killed from afar by Maggie (22 damage)
             ... with a bolt of fire
             ... on level 7 of the Dungeon.
             The game lasted 00:23:39 (6617 turns).

petzl the Sneak (Formicid Delver)                   Turns: 6617, Time: 00:23:39

Health: -7/69      AC:  0    Str: 16    XL:     9   Next: 9%
Magic:  15/15      EV:  8    Int: 15    God:    Vehumet [......]
Gold:   345        SH:  0    Dex: 15    Spells: 16/17 levels left

rFire   . . .        a - melded +4 flail
rCold   . . .        g - melded +0 buckler
rNeg    . . .        s - melded +0 ring mail
rPois   .            (helmet unavailable)
rElec   .            (cloak currently unavailable)
rCorr   .            n - melded +0 pair of gloves
SInv    .            x - melded +0 pair of boots
Will    .....        (no amulet)
Stlth   +++          u - melded +4 ring of protection
HPRegen 0.31/turn    y - melded +6 ring of intelligence
MPRegen 0.14/turn

%: no passive effects
@: pig-form, held, very quick
A: fast, no casting, permanent stasis, dig shafts and tunnels, small, (antennae
3), four strong arms, (hooves 1), (sturdy frame 1)
a: Renounce Religion


You were on level 7 of the Dungeon.
You worshipped Vehumet.
Vehumet was noncommittal.
You were a filthy swine.
You visited 2 branches of the dungeon, and saw 10 of its levels.

You collected 345 gold pieces.

Inventory:

Hand Weapons
 a - a +4 flail (melded)
 b - a +0 orcbow
 A - a +1 sling
 C - a +0 long sword of draining
Missiles
 l - 6 javelins
 o - 7 poisoned darts
Armour
 g - a +0 buckler (melded)
 n - a +0 pair of gloves (melded)
 s - a +0 ring mail (melded)
 x - a +0 pair of boots (melded)
Jewellery
 j - a ring of flight
 u - a +4 ring of protection (melded)
 y - a +6 ring of intelligence (melded)
Wands
 f - a wand of digging (7)
 i - a wand of paralysis (9)
 E - a wand of iceblast (10)
Scrolls
 c - 3 scrolls of fog
 d - 2 scrolls of revelation
 e - 3 scrolls of fear
 m - 2 scrolls of amnesia
 p - 2 scrolls of teleportation {unknown}
 w - a scroll of enchant armour
 D - a scroll of vulnerability {unknown}
 F - a scroll of identify
Potions
 h - a potion of might {unknown}
 k - a potion of curing {unknown}
 q - a potion of degeneration
 r - a potion of mutation
 t - a potion of ambrosia {unknown}
 v - 2 potions of heal wounds
 z - a potion of enlightenment {unknown}
 B - a potion of cancellation {unknown}


   Skills:
 + Level 5.9 Fighting
 - Level 2.0 Maces & Flails
 + Level 4.0 Ranged Weapons
 - Level 2.0 Armour
 - Level 3.0 Dodging
 - Level 6.0 Stealth
 + Level 4.8 Shields
 + Level 4.5 Spellcasting
 * Level 3.9 Conjurations
 - Level 2.0 Evocations


You had 16 spell levels left.
You knew the following spells:

 Your Spells              Type           Power      Damage    Failure   Level
a - Magic Dart            Conj           60%        1d6       3%          1

Your spell library contained the following spells:

 Spells                   Type           Power      Damage    Failure   Level
 Searing Ray              Conj           30%        2d5       5%          2
 Lesser Beckoning         Tloc           6%         N/A       26%         2
 Gell's Gravitas          Tloc           3%         N/A       45%         3
 Summon Guardian Golem    Hex/Summ       3%         N/A       45%         3
 Teleport Other           Tloc           3%         N/A       45%         3
 Fulminant Prism          Conj/Hex       4%         3d5       58%         4
 Alistair's Intoxication  Tmut/Pois      2%         N/A       99%         5
 Borgnjor's Vile Clutch   Necr/Erth      1%         N/A       99%         5
 Eringya's Noxious Bog    Tmut/Pois      1%         4d6       100%        6
 Orb of Destruction       Conj           7%         9d6       100%        7
 Spellforged Servitor     Conj/Summ      4%         N/A       100%        7


Dungeon Overview and Level Annotations

Branches:
Dungeon (9/15)             Temple (1/1) D:6
   Lair: D:8-11         Orc: D:9-12

Altars:
Cheibriados
Dithmenos
Fedhas
Gozag
Hepliaklqana
Kikubaaqudgha
Nemelex Xobeh
Okawaru
Qazlal
Ru
Sif Muna
Trog
Uskayaw
Vehumet
Wu Jian
Xom
Zin
The Shining One

Shops:
D:5 *

Annotations:
D:4 Grinder
D:7 Maggie


Innate Abilities, Weirdness & Mutations

You are a filthy swine.
You move quickly.
Your equipment is almost entirely melded.
You are incapable of wielding weapons or throwing items.
You cannot cast spells.
You cannot be hasted, slowed, berserked, paralysed or teleported.
You can dig through walls and to a lower floor.
((You have a pair of large antennae on your head. (SInv)))
Your four strong arms can wield two-handed weapons with a shield.
((You have large cloven feet.))
((Your movements are slightly less encumbered by armour. (ER -2)))


Message History

You feel sick. The wight closely misses you.
You sock the wight!
You destroy the wight!
Vehumet accepts your kill.
You feel sick.
You are no longer poisoned.
Your life force feels restored.
Unknown command.
You start resting.
You sense a monster nearby.
You start resting.
Maggie is nearby!
Maggie opens the door.
There is an open door here.
Maggie shouts!
Maggie zaps a wand.
You turn into a filthy swine.
Your +4 flail melds into your body.
Your +0 pair of gloves melds into your body.
Your +0 pair of boots melds into your body.
Your +0 buckler melds into your body.
Your +0 ring mail melds into your body.
Your +4 ring of protection melds into your body.
Your +6 ring of intelligence melds into your body.
You feel stupid.
You see here a +0 whip.
Unknown command.
Unknown command.
The gnoll sergeant shouts!
The gnoll shouts!
A gnoll comes into view. It is wielding a +0 halberd.
The gnoll throws a throwing net.
The throwing net hits you.
You become entangled in the net!
You see here a throwing net.
You struggle against the net.
You struggle against the net.
You struggle against the net.
The gnoll sergeant hits you from afar with a +0 spear!
* * * LOW HITPOINT WARNING * * *
Maggie says, "Did Master Lance send you?"
Maggie casts a spell at you. The bolt of fire hits you!!
You die...

..##.@......... ..............#
..##.#.......## . #.##$....## #
##...## .... ###.# { { #
######## #.# #.# #......#
.########. #.###......#
......#... #)##.......#
......).#'## #.##.###+###
.......>...####
#.#...##.#########
......#....'..#
#.#<.......#...... .....
#....#..######.###.##.#.#.#####
....
#....'.@..)h...g..g.....#.# #
... #....#######.g##g#......#.#
# ..
#....+...........########.# # .
##...######.##...##.......# #
##### #.#.......####### #
#.###################
#....................
#####################


You could see Maggie, a gnoll sergeant and 3 gnolls.

Vanquished Creatures
  3 centaurs
  4 phantoms
  A bullfrog (D:6)
  4 wights
  2 hounds
  4 jellies (D:6)
  2 orc priests (D:6)
  A gnoll bouda (D:6)
  An iguana (D:4)
  An orc wizard (D:6)
  17 gnolls
  10 adders
  A shadow imp (D:6)
  6 worms
  A dart slug (D:2)
  11 orcs (D:6)
  11 ball pythons
  7 endoplasms
  6 giant cockroaches
  4 goblins
  4 hobgoblins
  4 kobolds
  5 quokkas
  9 bats
  4 frilled lizards
  A rat (D:3)
124 creatures vanquished.

Notes
Turn   | Place    | Note
-------+----------+-------------------------------------------
     0 | D:5      | petzl the Formicid Delver began the quest for the Orb.
     0 | D:5      | Reached XP level 1. HP: 18/18 MP: 1/1
     2 | D:5      | Found a hide-covered altar of Uskayaw.
    11 | D:5      | Noticed a phantom
    29 | D:4      | Noticed Grinder
    32 | D:4      | You fall into a shaft and drop 3 floors!
   101 | D:6      | Noticed a bullfrog
   235 | D:5      | Reached skill level 1 in Spellcasting
   235 | D:5      | Reached XP level 2. HP: 21/24 MP: 1/4
   518 | D:2      | Reached XP level 3. HP: 27/29 MP: 4/6
   695 | D:1      | Reached skill level 1 in Ranged Weapons
  1217 | D:1      | Reached XP level 4. HP: 37/37 MP: 7/7
  1947 | D:2      | Reached skill level 1 in Shields
  1959 | D:2      | Reached XP level 5. HP: 42/42 MP: 9/9
  1975 | D:2      | Found a faded altar of an unknown god.
  2707 | D:3      | Reached XP level 6. HP: 39/49 MP: 10/10
  3559 | D:4      | Learned a level 1 spell: Magic Dart
  3825 | D:4      | Reached XP level 7. HP: 44/55 MP: 12/12
  4731 | D:5      | Found Visoexus's Overcharged Wands.
  4752 | D:5      | Reached skill level 1 in Armour
  4752 | D:5      | Reached skill level 1 in Conjurations
  4752 | D:5      | Reached skill level 1 in Evocations
  5129 | D:5      | Reached skill level 5 in Fighting
  5281 | D:6      | Reached XP level 8. HP: 56/62 MP: 13/13
  5510 | D:6      | Found a staircase to the Ecumenical Temple.
  5518 | Temple   | Entered the Ecumenical Temple
  5535 | Temple   | Became a worshipper of Vehumet
  5659 | D:6      | Gained mutation: You have large cloven feet. [potion of
                  | mutation]
  5659 | D:6      | Gained mutation: Your movements are slightly less
                  | encumbered by armour. (ER -2) [potion of mutation]
  6321 | D:7      | Reached XP level 9. HP: 66/69 MP: 15/15
  6494 | D:7      | Noticed Maggie
  6501 | D:7      | You fall into a shaft and drop 2 floors!
  6617 | D:7      | Killed from afar by Maggie

Illustrated notes

Levels and vault maps discovered:
D:1:      psy_arrival_basics, layout_basic, st_stairs_9
D:2:      wander_river, layout_loops_ring, shapermc_ecumenical_altar_acropolis
D:3:      layout_loops_cross, kennysheep_donut
D:4:      layout_basic, uniq_grinder
D:5:      layout_cave_pods, nicolae_uskayaw_dance_hall,
          nicolae_shop_overcharged_wands
D:6:      layout_loops_ring, minmay_temple_entry_fiery
D:7:      layout_basic, uniq_maggie
D:8:      layout_cave_pools, uniq_jeremiah, uniq_erica
D:9:      layout_loops_corners, uniq_amaemon, uniq_psyche
Temple:   nicolae_temple_bog_church

Skill      XL: |  1  2  3  4  5  6  7  8 |
---------------+-------------------------+-----
Spellcasting   | 1 2 3 4 |  4.5
Ranged Weapons | 1 2 3 4 |  4.0
Fighting       | 4 5 |  5.9
Shields        | 1 2 3 4 |  4.8
Dodging        | 2 3 |  3.0
Armour         | 1 2 |  2.0
Conjurations   | 2 3 |  3.9
Evocations     | 1 2 |  2.0
Maces & Flails | |  2.0
Stealth        | |  6.0

Action                     |  1- 3 |  4- 6 |  7- 9 || total
---------------------------+-------+-------+-------++-------
  Melee: Quarterstaff      |    84 |   252 |    27 ||   363
         Punch             |     1 |       |       ||     1
         Flail             |       |       |   108 ||   108
   Fire: Sling             |     1 |    22 |    11 ||    34
         Orcbow            |       |       |    71 ||    71
Ability: Dig               |     3 |     1 |       ||     4
         Shaft Self        |     1 |       |     1 ||     2
  Evoke: Wand              |       |     1 |       ||     1
    Use: Scroll            |       |     4 |     1 ||     5
         Potion            |       |       |     3 ||     3
   Stab: Sleeping          |     6 |    10 |       ||    16
 Armour: Leather armour    |    66 |       |       ||    66
         Ring mail         |       |   173 |   138 ||   311
         Skin              |       |       |     2 ||     2
  Dodge: Dodged            |    66 |   148 |    86 ||   300
  Block: Buckler           |       |    56 |    49 ||   105

Table legend: (Time is in decaauts)
 A = Elapsed time spent in this place.
 B = Non-inter-level travel time spent in this place.
 C = Inter-level travel time spent in this place.
 D = Time resting spent in this place.
 E = Time spent auto-exploring this place.
 F = Levels seen in this place.
 G = Mean time per level.
                   A        B        C        D        E       F      G
               +--------+--------+--------+--------+--------+-----+--------+
         Total |   6781 |   6456 |    325 |   1099 |   3366 |  10 |  678.1 |
       Dungeon |   6745 |   6454 |    291 |   1099 |   3366 |   9 |  749.4 |
        Temple |     35 |      1 |     34 |      0 |      0 |   1 |   35.0 |
               +--------+--------+--------+--------+--------+-----+--------+

Top non-repeatable levels by time:
     D:6: 1309 daAuts
     D:4: 1107 daAuts
     D:2: 1105 daAuts
     D:5: 1080 daAuts
     D:1: 954 daAuts
     D:3: 893 daAuts
     D:7: 202 daAuts
     D:9: 60 daAuts
  Temple: 35 daAuts
     D:8: 31 daAuts
